Map: [ESL] Ancient Cistern

Players

Lambo - Winner!

  • Race: Zerg Zerg
  • League: Master
  • Spawn Location: 7:00

Reynor

  • Race: Zerg Zerg
  • League: Master
  • Spawn Location: 1:00

Event: HomeStory Cup XXIII

VOD

Have the link to the VOD?

Description

Time

  • Played on: June 30, 2023, 11:29 a.m.
  • Length: 15:15

All games in this series

Show
View Real Time Build Order
Export as new Build Order

Lambo Zerg - Winner!

Build Orders: Hatch First, Zergling Baneling 

Get SALT Encoding   

  12  0:00  Drone  
  13  0:12  Overlord  
  13  0:17  Drone  
  14  0:30  Drone x2  
  16  0:48  Hatchery  
  15  0:50  Drone  
  15  0:54  Drone  
  17  0:57  Drone  
  18  1:07  Extractor  
  17  1:12  Spawning Pool  
  17  1:15  Drone  
  17  1:18  Drone  
  18  1:27  Drone  
  19  1:38  Drone  
  20  1:48  Drone  
  21  1:59  Queen x2  
  21  2:00  Overlord, Zergling x2  
  26  2:07  Metabolic Boost  
  26  2:10  Drone x2  
  28  2:21  Zergling x2  
  28  2:22  Drone  
  30  2:36  Drone x2  
  32  2:37  Hatchery  
  31  2:45  Baneling Nest  
  31  2:47  Overlord  
  31  2:50  Drone  
  31  2:54  Drone  
  31  2:55  Drone  
  33  3:02  Queen  
  36  3:05  Zergling x2  
  36  3:08  Drone  
  36  3:10  Drone  
  36  3:11  Zergling x2  
  39  3:13  Zergling x2  
  39  3:17  Drone x2  
  43  3:20  Drone  
  43  3:23  Overlord  
  43  3:29  Zergling x2  
  43  3:30  Baneling  
  43  3:32  Baneling  
  43  3:36  Baneling  
  43  3:41  Queen  
  43  3:43  Baneling x2  
  43  3:44  Zergling x8  
  49  3:48  Zergling x4  
  51  3:59  Drone x3  
  51  4:02  Baneling  
  53  4:03  Drone x2  
  48  4:17  Drone x3  
  48  4:19  Baneling x2  
  48  4:21  Zergling x12  
  48  4:23  Zergling x2  
  52  4:24  Baneling  
  49  4:32  Zergling x6  
  49  4:34  Baneling  
  52  4:40  Zergling x2, Baneling  
  52  4:45  Zergling x4  
  50  4:51  Drone  
  50  4:54  Baneling x2  
  50  4:56  Queen x2  
  52  5:02  Queen  
  52  5:03  Baneling  
  54  5:07  Zergling x8  
  54  5:10  Overlord  
  54  5:14  Zergling x2  
  57  5:15  Baneling  
  57  5:18  Overlord  
  56  5:28  Zergling x8  
  55  5:33  Baneling x2  
  55  5:35  Queen  
  52  5:36  Zergling x4  
  52  5:38  Zergling x4  
  52  5:41  Drone  
  57  5:45  Baneling  
  57  5:47  Drone x2  
  58  5:55  Baneling  
  58  5:56  Drone x2  
  60  5:58  Queen  
  60  6:01  Drone x2  
  53  6:12  Drone x4  
  53  6:16  Drone x2  
  57  6:24  Drone x3  
  60  6:28  Zergling x4  
  61  6:36  Zergling x8  
  61  6:37  Baneling x3  
  64  6:41  Zergling x4  
  66  6:47  Drone x4  
  66  6:52  Drone x3  
  73  6:59  Drone, Evolution Chamber  
  73  7:09  Roach Warren  
  73  7:11  Extractor  
  73  7:14  Drone x2  
  73  7:17  Drone  
  73  7:22  Drone, Overlord  
  73  7:24  Overlord  
  73  7:28  Overlord  
  73  7:29  Overlord  
  73  7:31  Overlord  
  73  7:33  Overlord  
  73  7:34  Lair  
  73  7:37  Zerg Missile Weapons Level 1, Extractor  
  73  7:42  Drone x8  
  80  7:49  Drone x2  
  82  7:54  Spine Crawler  
  82  7:55  Roach x2, Spine Crawler  
  82  7:58  Roach  
  86  8:02  Roach x3  
  92  8:06  Roach  
  92  8:11  Extractor  
  95  8:13  Drone x4  
  95  8:15  Extractor  
  95  8:17  Extractor  
  95  8:18  Drone x3  
  99  8:20  Drone  
  99  8:22  Drone x3  
  99  8:24  Drone x2  
  105  8:28  Drone  
  105  8:32  Drone x2  
  110  8:34  Drone x2  
  110  8:36  Pneumatized Carapace  
  110  8:38  Hatchery  
  106  8:45  Glial Reconstitution  
  106  8:46  Roach x4  
  106  8:47  Roach  
  115  8:53  Overseer  
  115  8:54  Evolution Chamber  
  115  8:55  Roach x3  
  120  9:02  Roach  
  122  9:05  Overlord  
  122  9:09  Overlord  
  122  9:10  Overlord  
  122  9:13  Overlord  
  122  9:16  Overlord  
  122  9:21  Zerg Ground Armor Level 1  
  122  9:28  Roach x8  
  138  9:34  Roach x2  
  142  9:39  Hydralisk Den  
  142  9:41  Roach x5  
  150  9:49  Roach x5  
  159  9:55  Roach  
  154  10:16  Overlord x2, Muscular Augments  
  154  10:20  Hydralisk  
  154  10:22  Overlord, Hatchery  
  151  10:33  Hydralisk  
  151  10:34  Hydralisk x2  
  151  10:35  Overlord  
  157  10:40  Hydralisk x6  
  169  10:44  Hydralisk x4  
  177  10:51  Overlord  
  177  10:58  Spore Crawler x2  
  177  11:03  Spore Crawler  
  177  11:04  Hydralisk x4  
  182  11:12  Roach x3  
  188  11:19  Overlord  
  188  11:20  Overlord, Ravager x5  
  188  11:25  Zerg Missile Weapons Level 2  
  193  11:26  Overlord  
  193  11:32  Overlord  
  193  11:34  Overlord  
  193  11:37  Grooved Spines  
  200  11:47  Roach x4  
  200  12:06  Zerg Ground Armor Level 2  
  200  12:08  Overseer  
  200  12:13  Roach x2  
  200  12:34  Roach  
  198  12:39  Roach  
  192  12:50  Roach x4  
  199  12:56  Roach x3  
  197  13:02  Roach x4  
  197  13:05  Roach x2  
  184  13:13  Hydralisk x8  
  199  13:34  Roach x3  
  199  13:37  Overlord  
  197  13:42  Roach  
  193  13:51  Roach x4  
  187  13:56  Roach x8  
  187  14:00  Roach x11  
  182  14:04  Roach x10  
  182  14:09  Roach  
  169  14:15  Roach x2  
  163  14:18  Roach  
  163  14:23  Roach x2  
  165  14:30  Roach  
  167  14:34  Roach  
  167  14:38  Roach  
  171  14:42  Roach  
  162  14:46  Roach  
  145  14:55  Roach  
Show
View Real Time Build Order
Export as new Build Order

Reynor Zerg 

Build Orders: Hatch First, Zergling Baneling 

Get SALT Encoding   

  12  0:00  Drone  
  13  0:11  Overlord  
  13  0:16  Drone  
  14  0:30  Drone x2  
  16  0:47  Hatchery  
  15  0:50  Drone  
  15  0:54  Drone  
  17  0:58  Drone  
  18  1:08  Extractor  
  17  1:12  Spawning Pool  
  17  1:15  Drone  
  17  1:19  Drone  
  18  1:27  Drone  
  19  1:38  Drone  
  20  1:48  Drone  
  21  1:59  Overlord, Queen x2  
  21  2:00  Zergling x2  
  26  2:07  Metabolic Boost  
  26  2:10  Drone x2  
  28  2:21  Zergling x2  
  28  2:22  Drone  
  30  2:32  Hatchery  
  30  2:36  Drone  
  30  2:38  Drone  
  30  2:43  Baneling Nest  
  30  2:46  Drone  
  30  2:47  Drone  
  32  2:53  Overlord  
  32  2:54  Drone  
  33  3:09  Zergling x6  
  33  3:10  Overlord  
  33  3:11  Zergling x4  
  33  3:12  Zergling x2  
  39  3:14  Zergling x2  
  39  3:17  Zergling x2  
  41  3:21  Zergling x2  
  42  3:27  Baneling  
  42  3:28  Overlord, Baneling  
  42  3:30  Baneling x2  
  42  3:31  Zergling x2  
  43  3:39  Zergling x8  
  47  3:41  Baneling x2  
  47  4:00  Zergling x10  
  50  4:04  Zergling x2  
  50  4:08  Baneling  
  50  4:09  Baneling  
  45  4:18  Zergling x14  
  45  4:20  Overlord  
  45  4:23  Baneling x2  
  50  4:28  Zergling x2  
  48  4:31  Zergling x2  
  48  4:35  Zergling x8  
  50  4:43  Zergling x4  
  49  4:47  Queen  
  50  4:54  Zergling x6  
  50  4:55  Zergling x6  
  55  5:01  Baneling x4  
  55  5:10  Zergling x4  
  55  5:11  Zergling x6  
  57  5:17  Zergling x4  
  57  5:21  Zergling x2  
  58  5:27  Zergling x4  
  46  5:33  Baneling x2  
  46  5:35  Baneling x2  
  39  5:36  Zergling x4  
  39  5:38  Zergling x2  
  39  5:40  Zergling x2  
  43  5:43  Drone  
  43  5:51  Drone x2  
  43  5:55  Drone  
  46  6:00  Drone  
  46  6:01  Drone  
  48  6:04  Drone x2  
  48  6:06  Overlord  
  48  6:09  Drone  
  50  6:12  Drone  
  46  6:20  Drone x2  
  48  6:27  Roach Warren  
  48  6:28  Drone  
  48  6:31  Drone  
  48  6:40  Drone x3  
  48  6:42  Baneling x3  
  48  6:45  Drone x2  
  48  6:46  Drone  
  54  6:47  Extractor, Drone  
  54  6:49  Drone  
  54  6:51  Drone  
  57  6:54  Drone  
  57  6:55  Drone  
  57  6:57  Extractor, Drone  
  57  7:00  Drone x2  
  60  7:03  Drone  
  60  7:04  Drone  
  61  7:09  Drone  
  61  7:11  Drone x4  
  64  7:17  Drone  
  64  7:18  Drone x3  
  64  7:22  Overlord  
  66  7:25  Lair  
  66  7:27  Roach  
  66  7:29  Roach  
  70  7:31  Extractor  
  70  7:34  Evolution Chamber  
  70  7:35  Roach x2  
  70  7:36  Drone  
  73  7:40  Overlord  
  73  7:41  Drone x2  
  73  7:43  Roach  
  77  7:45  Drone x2  
  77  7:49  Drone x2  
  77  7:50  Drone  
  82  7:52  Extractor x2  
  82  7:53  Overlord  
  82  7:55  Drone x2  
  82  7:57  Baneling x2  
  83  7:58  Drone  
  83  7:59  Drone  
  83  8:02  Zerg Missile Weapons Level 1  
  83  8:05  Overlord  
  84  8:11  Roach x3  
  84  8:12  Roach  
  92  8:14  Overlord  
  92  8:19  Roach x2  
  97  8:20  Roach  
  97  8:23  Glial Reconstitution  
  97  8:24  Overlord  
  97  8:26  Roach  
  98  8:31  Roach x2  
  101  8:35  Roach x3  
  101  8:40  Roach x2  
  110  8:44  Roach x3  
  110  8:46  Overlord  
  116  8:53  Roach x3  
  122  9:04  Overlord  
  122  9:08  Spire  
  120  9:10  Overlord  
  120  9:11  Roach  
  120  9:15  Roach x2  
  120  9:16  Hatchery  
  125  9:19  Roach x2  
  125  9:22  Overlord  
  125  9:23  Roach  
  131  9:35  Drone, Spore Crawler  
  131  9:37  Spore Crawler  
  130  9:39  Roach x3  
  130  9:40  Overlord  
  136  9:52  Roach x3  
  134  9:55  Overlord  
  126  10:03  Drone x3  
  126  10:07  Drone x2  
  105  10:15  Roach x8  
  105  10:20  Roach x3  
  120  10:25  Mutalisk x2  
  118  10:28  Roach  
  118  10:33  Roach x2  
  118  10:35  Roach  
  124  10:39  Mutalisk x2  
  126  10:43  Roach x2  
  126  10:45  Drone  
  126  10:49  Drone x3  
  134  10:54  Roach x2  
  140  10:57  Roach  
  140  10:59  Roach  
  140  11:03  Drone  
  143  11:14  Hatchery  
  143  11:16  Drone  
  143  11:19  Overlord  
  143  11:23  Roach x2  
  147  11:34  Roach x2  
  147  11:35  Overlord  
  147  11:38  Ravager x4  
  147  11:39  Ravager  
  156  11:42  Ravager x2  
  156  11:45  Roach x3  
  160  11:49  Overlord  
  160  11:53  Spine Crawler, Ravager  
  160  11:54  Overlord  
  160  11:56  Ravager  
  160  11:57  Roach  
  163  12:04  Ravager  
  163  12:06  Drone x3  
  167  12:09  Spine Crawler  
  167  12:14  Roach x6  
  178  12:16  Overlord  
  178  12:18  Roach x2  
  178  12:22  Roach x2  
  186  12:24  Overlord  
  186  12:28  Roach x3  
  192  12:33  Overlord  
  186  12:45  Roach x3, Drone x2  
  186  12:46  Drone x2  
  186  12:48  Roach x2  
  194  12:54  Roach x3  
  175  13:06  Roach x5  
  155  13:18  Roach x7  
  159  13:35  Roach x8  
  159  13:40  Roach  
  175  13:51  Roach x8  
  187  14:00  Roach x4  
  160  14:08  Roach x4  
  141  14:13  Roach x4  
  141  14:16  Roach  
  139  14:23  Roach x2  
  139  14:24  Roach x2  
  137  14:25  Ravager  
  137  14:26  Ravager x2  
  137  14:30  Roach x3  
  134  14:34  Roach x2  
  136  14:38  Ravager  
  136  14:39  Ravager  
  136  14:44  Roach x2  
  124  14:54  Roach x7  
Tags
 
Add a new tag
Caveats
  • Supply blocks, unpowered buildings, or Contaminate may cause inaccurate times.
  • Supply counts are checked every 10 seconds.